Match 46574162
Unlisted

Match 46574162
End
Vickers Machine Gun Team
Construct Section Command Post
Dingo Light Scout Car
Infantry Section
Infantry Section
Construct Platoon Command Post
Selects Air and Sea Battlegroup
Selects Supply Surplus
6-pounder Anti-tank Gun Team
Humber Armored Car
Construct Resource Cache
Unlock Bishop Self-propelled Artillery
Construct Field Infirmary
Bishop Self-propelled Artillery
Royal Engineer Section
Selects Commando Section Paradrop
Selects Commando Support Section Paradrop
Bishop Self-propelled Artillery
Light Vehicle Training
Grenade Package
Construct Company Command Post
Selects UNKNOWN (223837)
Ra11
MatioS
Zbirga
Dirkradix
旧时光
Konrad Curze
Lord Ludwig
CPU - Easy
0
0

Comments sign in to comment!

No comments posted yet!